 Dungeon Crawl Stone Soup version 0.17.0-28-g6e173f8 (webtiles) character file.

16912 R18 the Grappler (level 12, -4/58 HPs)
             Began as a Vine Stalker Berserker on Dec 1, 2015.
             Was a High Priest of Trog.
             Slain by a sixfirhy (9 damage)
             ... summoned by an orc high priest
             ... on level 4 of the Orcish Mines.
             The game lasted 00:32:11 (11452 turns).

R18 the Grappler (Vine Stalker Berserker)          Turns: 11452, Time: 00:32:11

Health: -4/58      AC: 10    Str: 21    XL:     12   Next: 42%
Magic:  0/13       EV: 16    Int:  7    God:    Trog [*****.]
Gold:   1493       SH:  0    Dex: 18    Spells: 0 memorised, 11 levels left

rFire  + . .     SeeInvis .       - Unarmed
rCold  . . .     Clarity  .     q - +1 troll leather armour
rNeg   . . .     SustAt   +     (no shield)
rPois  .         Gourm    .     (no helmet)
rElec  .         Spirit   +     m - +0 cloak
rCorr  .         Warding  .     T - +0 pair of gloves
rMut   .         Stasis   .     s - +0 pair of boots
MR     +++..                    (no amulet)
Stlth  ++........               Y - ring of protection from fire
                                y - ring of sustain attributes

@: regenerating, extremely resistant to hostile enchantments, unstealthy
A: fangs 3, regeneration 3, magic shield, antimagic bite, no device heal 3, rot
immunity
a: Berserk, Trog's Hand, Brothers in Arms, Burn Spellbooks, Renounce Religion


You were on level 4 of the Orcish Mines.
You worshipped Trog.
Trog was extremely pleased with you.
You were not hungry.

You visited 2 branches of the dungeon, and saw 14 of its levels.

You collected 1884 gold pieces.
You spent 391 gold pieces at shops.

Inventory:

Hand Weapons
 b - a +4 longbow of freezing
 k - a +0 shortbow
 K - a +4 quarterstaff of chaos
Missiles
 t - a throwing net
 v - 5 exploding tomahawks
 O - 116 arrows
 Q - 5 javelins of returning (quivered)
Armour
 m - a +0 cloak (worn)
 o - a +1 ring mail of fire resistance
 q - a +1 troll leather armour (worn)
 s - a +0 pair of boots (worn)
 T - a +0 pair of gloves (worn)
Jewellery
 y - a ring of sustain attributes (left hand)
 Y - a ring of protection from fire (right hand)
Wands
 j - a wand of slowing (7)
 x - a wand of confusion (32)
 z - a wand of random effects (25)
 B - a wand of digging (14)
 I - a wand of confusion (23)
 N - a wand of digging (22)
Scrolls
 f - 8 scrolls of remove curse
 l - a scroll of fog
 w - 2 scrolls of noise
 M - a scroll of enchant weapon
 R - 2 scrolls of identify
Potions
 c - 2 potions of lignification
 e - 2 potions of agility
 g - 3 potions of magic
 h - 5 potions of curing
 i - a potion of haste
 r - 2 potions of brilliance
 A - a potion of resistance
Books
 p - a book of Geomancy

   Spells                             Type                      Level
   a - Sandblast                      Earth                        1
   b - Stoneskin                      Transmutation/Earth          2
   c - Passwall                       Transmutation/Earth          3
   d - Stone Arrow                    Conjuration/Earth            3
   e - Petrify                        Transmutation/Earth          4
   f - Lee's Rapid Deconstruction     Earth                        5
   Trog disapproves of the use of such an item.
 J - a book of Unlife

   Spells                             Type                      Level
   a - Recall                         Summoning/Translocation      3
   b - Animate Dead                   Necromancy                   4
   c - Control Undead                 Necromancy                   4
   d - Cigotuvi's Embrace             Necromancy                   5
   e - Death Channel                  Necromancy                   6
   f - Simulacrum                     Ice/Necromancy               6
   Trog disapproves of the use of such an item.
 X - a Necronomicon

   Spells                             Type                      Level
   a - Haunt                          Necromancy/Summoning         7
   b - Borgnjor's Revivification      Necromancy                   8
   c - Death's Door                   Charms/Necromancy            8
   d - Necromutation                  Transmutation/Necromancy     8
   Trog disapproves of the use of such an item.
Comestibles
 a - a chunk of flesh
 n - 3 royal jellies
 u - 4 meat rations
 H - 7 fruits
 V - 2 bread rations


   Skills:
 + Level 3.6 Fighting
 * Level 6.2 Bows
 - Level 2.3 Throwing
 - Level 7.9 Armour
 + Level 6.2 Dodging
 - Level 14.0 Unarmed Combat


You had 11 spell levels left.
You didn't know any spells.

Dungeon Overview and Level Annotations

Branches:
Dungeon (10/15)            Temple (0/1) D:4            Lair (0/8) D:8
    Orc (4/4) D:10            Elf (0/3) Orc:4

Altars:
Ashenzari
Dithmenos
Gozag
Kikubaaqudgha
Ru
Vehumet
Yredelemnul
Beogh

Shops:
D:7 %   D:9 [


Innate Abilities, Weirdness & Mutations

You have razor-sharp teeth.
You regenerate.
When hurt, damage is shared between your health and your magic reserves.
Your bite disrupts and absorbs the magic of your enemies.
Potions and wands cannot restore your health.
You are immune to rotting.


Message History

* * * LOW HITPOINT WARNING * * *
The sixfirhy shocks you!
* * * LOW HITPOINT WARNING * * *
The sixfirhy barely misses you.
The orc high priest shouts, "You must be punished!"
The blue devil hits you.
* * * LOW HITPOINT WARNING * * *
Read which item? (? for menu, Esc to quit)
Okay, then.
Unknown command.
Drink which item? (? for menu, Esc to quit)
Okay, then.
Unknown command.
Press: ? - help, v - describe, . - travel
Here: a sixfirhy (moderately wounded, summoned)
The floor.
Unknown command.
Your +4 longbow of freezing stops glowing.
You are now empty-handed.
The sixfirhy hits you!
You die...

.#.#.##.............## ##.....o.
....##...............###........
...#.#.#.#.#.#.#.#.#.#.#.#.#.#.
...........).......))o..........
......)))..).(.)(.())#.#........
.....).......).)..)o)oooo3......
...).#.#)#.#.#.#.#.#.#.#.#.#.#.#
.)...#...............###........
..[..##.........@4..## ##.......
.)...####......4..### ##....(
..#### ###.....### ##.. ..#
######### ..## ##.# .#!## ##.##
.)))###.## ^#.#)#.## ###)#)##


You could see an orc high priest, a sixfirhy, a blue devil, 2 orc warriors and
an orc priest.

Vanquished Creatures
  Urug (Orc:3)
  A hill giant (D:10)
  3 orc knights
  Joseph (D:10)
  3 trolls
  Grinder (D:5)
  The ghost of Clownie the Shield-Bearer, an amateur FoFi (D:4)
  A deep elf mage (D:9)
  6 yaks (D:9)
  Eustachio (D:5)
  A hungry ghost (D:7)
  A deep elf fighter (D:8)
  3 hippogriffs
  16 wargs
  A sky beast (D:7)
  A water moccasin (D:8)
  An ice beast (D:10)
  3 phantoms
  10 ogres
  18 orc warriors
  2 black bears
  2 centaurs
  4 giant frogs
  Blork the orc (Orc:3)
  A big kobold (D:10)
  A scorpion (D:8)
  4 wights
  8 killer bees
  4 crimson imps
  26 orc priests
  A centaur zombie (D:10)
  3 jellies
  A centaur skeleton (D:9)
  4 hounds
  19 orc wizards
  Crazy Yiuf (D:2)
  An iguana (D:4)
  A giant frog skeleton (D:5)
  9 worker ants
  A killer bee zombie (D:6)
  A hound skeleton (D:7)
  A hound zombie (D:9)
  3 worker ant zombies
  Robin (D:4)
  10 adders
  3 river rats (D:8)
  A shadow imp (D:5)
  3 oozes
  2 adder skeletons
  2 worms
  6 giant geckos
  188 orcs
  15 bats
  10 giant cockroaches
  18 goblins
  10 hobgoblins
  11 jackals
  5 quokkas
  6 ball pythons
  A giant cockroach zombie (D:6)
  2 giant gecko skeletons
  9 giant newts
  14 kobolds
  18 rats
508 creatures vanquished.

Vanquished Creatures (collateral kills)
  2 orc high priests (Orc:4)
  5 orc knights
  An orc sorcerer (D:7)
  10 orc warriors
  3 orc wizards (Orc:2)
  7 orc priests
  22 orcs
50 creatures vanquished.

Vanquished Creatures (others)
  An orc (Orc:1)
  A plant (D:7)
2 creatures vanquished.

Grand Total: 560 creatures vanquished

Notes
Turn   | Place    | Note
--------------------------------------------------------------
     0 | D:1      | R18 the Vine Stalker Berserker began the quest for the Orb.
     0 | D:1      | Reached XP level 1. HP: 11/11 MP: 2/2
   207 | D:1      | Reached XP level 2. HP: 10/16 MP: 3/3
   437 | D:1      | Reached ** piety under Trog
   461 | D:1      | Reached XP level 3. HP: 5/19 MP: 0/4
  1275 | D:2      | Found an opulent altar of Gozag.
  1316 | D:2      | Reached skill level 4 in Unarmed Combat
  1316 | D:2      | Reached XP level 4. HP: 4/23 MP: 3/5
  1450 | D:2      | Noticed Crazy Yiuf
  1456 | D:2      | Killed Crazy Yiuf
  2064 | D:3      | Reached XP level 5. HP: 25/27 MP: 6/6
  2465 | D:4      | Found a staircase to the Ecumenical Temple.
  2571 | D:4      | Reached skill level 5 in Unarmed Combat
  2651 | D:4      | Gained mutation: You heal very quickly. [Vine Stalker growth]
  2651 | D:4      | Reached XP level 6. HP: 30/32 MP: 7/7
  2661 | D:4      | Found a basalt altar of Yredelemnul.
  2709 | D:4      | Noticed a phantom
  2771 | D:4      | Killed a phantom
  2823 | D:4      | Reached *** piety under Trog
  2902 | D:4      | Noticed Robin
  2920 | D:4      | Reached skill level 6 in Unarmed Combat
  2925 | D:4      | Killed Robin
  3010 | D:4      | Noticed Clownie's ghost (amateur FoFi)
  3023 | D:4      | Killed Clownie's ghost
  3023 | D:4      | Reached XP level 7. HP: 35/35 MP: 8/8
  3106 | D:4      | Noticed a phantom
  3132 | D:4      | Killed a phantom
  3132 | D:4      | Reached skill level 7 in Unarmed Combat
  3305 | D:4      | Noticed an ogre
  3309 | D:4      | Killed an ogre
  3481 | D:4      | Reached **** piety under Trog
  3503 | D:5      | Entered Level 5 of the Dungeon
  3536 | D:5      | Gained mutation: You have razor-sharp teeth. [Vine Stalker growth]
  3536 | D:5      | Reached XP level 8. HP: 39/39 MP: 9/9
  3629 | D:5      | Noticed Grinder
  3634 | D:5      | Killed Grinder
  3634 | D:5      | Reached skill level 8 in Unarmed Combat
  4105 | D:5      | Noticed Eustachio
  4116 | D:5      | Killed Eustachio
  4297 | D:6      | Reached skill level 5 in Armour
  4299 | D:6      | Reached skill level 9 in Unarmed Combat
  4416 | D:6      | Got a twisted whip
  4424 | D:6      | Identified the +5 whip of Nodocuca {flame, *Confuse Dex+7} (You found it on level 6 of the Dungeon)
  4556 | D:6      | Found an ancient bone altar of Kikubaaqudgha.
  4767 | D:7      | Reached XP level 9. HP: 37/43 MP: 10/10
  4820 | D:7      | Found a radiant altar of Vehumet.
  4892 | D:7      | Reached skill level 10 in Unarmed Combat
  4967 | D:7      | Noticed an orc sorcerer
  4968 | D:7      | Noticed a soul eater
  4983 | D:7      | Killed an orc sorcerer
  4983 | D:7      | Reached skill level 11 in Unarmed Combat
  5062 | D:7      | Noticed an orc knight
  5071 | D:7      | Killed an orc knight
  5071 | D:7      | Reached XP level 10. HP: 10/47 MP: 5/11
  5352 | D:7      | Found a shattered altar of Ashenzari.
  5462 | D:7      | Found Cywaofao's Food Shoppe.
  5878 | D:7      | Reached ***** piety under Trog
  5981 | D:7      | Reached skill level 1 in Throwing
  6020 | D:7      | Reached skill level 12 in Unarmed Combat
  6346 | D:8      | Found an opulent altar of Gozag.
  6589 | D:8      | Found a shadowy altar of Dithmenos.
  6628 | D:8      | Received a gift from Trog
  6643 | D:8      | Reached skill level 1 in Bows
  6836 | D:8      | Found a staircase to the Lair.
  7000 | D:9      | Found Zoagahak's Antique Armour Shop.
  7013 | D:9      | Bought a warped scale mail for 261 gold pieces
  7013 | D:9      | Bought a pair of gloves for 130 gold pieces
  7013 | D:9      | Identified the +4 scale mail of the Lotus Blossom {*Corrode rElec MR- Stlth+} (You bought it in a shop on level 9 of the Dungeon)
  7182 | D:9      | Found a sacrificial altar of Ru.
  7276 | D:9      | Received a gift from Trog
  7276 | D:9      | Reached XP level 11. HP: 49/51 MP: 12/12
  7288 | D:9      | Reached skill level 13 in Unarmed Combat
  7613 | D:10     | Entered Level 10 of the Dungeon
  7747 | D:10     | Found a staircase to the Orcish Mines.
  7814 | D:10     | Noticed Joseph
  7837 | D:10     | Killed Joseph
  8164 | D:10     | Noticed a hill giant
  8174 | D:10     | Killed a hill giant
  8510 | Orc:1    | Entered Level 1 of the Orcish Mines
  8956 | Orc:2    | Reached ****** piety under Trog
  8972 | Orc:2    | Found a runed door.
  9169 | Orc:2    | Found a roughly hewn altar of Beogh.
  9340 | Orc:2    | Received a gift from Trog
  9398 | Orc:2    | Noticed an orc knight
  9398 | Orc:2    | Noticed an orc knight
  9407 | Orc:2    | Killed an orc knight
  9416 | Orc:2    | Killed an orc knight
  9453 | Orc:2    | Found a roughly hewn altar of Beogh.
  9541 | Orc:3    | Noticed an orc knight
  9562 | Orc:3    | Killed an orc knight
  9691 | Orc:3    | Noticed an orc knight
  9707 | Orc:3    | Killed an orc knight
  9720 | Orc:3    | Noticed Blork the orc
  9729 | Orc:3    | Killed Blork the orc
  9729 | Orc:3    | Reached skill level 5 in Dodging
  9745 | Orc:3    | Noticed Urug
  9757 | Orc:3    | Killed Urug
  9804 | Orc:3    | Gained mutation: You regenerate. [Vine Stalker growth]
  9804 | Orc:3    | Reached XP level 12. HP: 48/56 MP: 9/13
 10114 | Orc:3    | Reached skill level 5 in Bows
 10320 | Orc:2    | Received a gift from Trog
 10465 | Orc:1    | Reached skill level 14 in Unarmed Combat
 10662 | Orc:4    | Entered Level 4 of the Orcish Mines
 10677 | Orc:4    | Received a gift from Trog
 10777 | Orc:4    | Found a staircase to the Elven Halls.
 11318 | Orc:4    | Noticed an orc high priest
 11332 | Orc:4    | Killed an orc high priest
 11368 | Orc:4    | Noticed an orc high priest
 11379 | Orc:4    | Killed an orc high priest
 11436 | Orc:4    | Noticed an orc high priest
 11452 | Orc:4    | Slain by a sixfirhy

Action                   |  1- 3 |  4- 6 |  7- 9 | 10-12 || total
-------------------------+-------+-------+-------+-------++-------
Melee: Unarmed           |   110 |   207 |   219 |   849 ||  1385
 Fire: Longbow           |       |       |       |    69 ||    69
Throw: Javelin           |       |       |       |     4 ||     4
Invok: Berserk           |     1 |     3 |     6 |     9 ||    19
       Trog's Hand       |     1 |     1 |     2 |     4 ||     8
       Brothers in Arms  |       |       |     2 |     5 ||     7
Evoke: Wand              |       |       |       |     4 ||     4
  Use: Scroll            |     2 |     1 |     4 |    16 ||    23
       Potion            |       |       |     1 |     6 ||     7
 Stab: Sleeping          |     4 |     1 |       |     1 ||     6
       Paralysed         |       |       |       |     1 ||     1
  Eat: Chunk             |     1 |     4 |    12 |    25 ||    42
       Bread ration      |       |     1 |       |     3 ||     4
       Fruit             |       |     1 |     1 |       ||     2
       Pizza             |       |       |       |     1 ||     1
       Beef jerky        |       |       |       |     2 ||     2
